 Dungeon Crawl Stone Soup version 0.19-a0-1127-gac58878 (webtiles) character file.

192 torvon the Conjurer (level 5, 0/44 HPs)
             Began as a Draconian Conjurer on Aug 12, 2016.
             Was an Initiate of Sif Muna.
             Slain by a giant frog (2 damage)
             ... on level 2 of the Dungeon.
             The game lasted 00:23:43 (3988 turns).

torvon the Conjurer (Draconian Conjurer)            Turns: 3988, Time: 00:23:43

Health: 0/44       AC:  6    Str: 10    XL:     5   Next: 42%
Magic:  4/9        EV:  7    Int: 17    God:    Sif Muna [......]
Gold:   112        SH:  0    Dex: 11    Spells: 3 memorised, 2 levels left

rFire  . . .     SeeInvis .     j - +0 mace
rCold  . . .     Gourm    .     (armour unavailable)
rNeg   . . .     Faith    .     (no shield)
rPois  .         Spirit   .     (helmet restricted)
rElec  .         Dismiss  .     m - +0 cloak
rCorr  .         Reflect  .     (no gloves)
SustAt .         Harm     .     (no boots)
MR     .....                    (no amulet)
Stlth  ++........               (no ring)
                                (no ring)

@:
A: unfitting armour, cold-blooded, AC +5
a: Renounce Religion


You were on level 2 of the Dungeon.
You worshipped Sif Muna.
Sif Muna was noncommittal.
You were not hungry.

You visited 1 branch of the dungeon, and saw 4 of its levels.

You collected 112 gold pieces.

Inventory:

Hand Weapons
 c - a +0 short sword
 j - a +0 mace (weapon)
Missiles
 k - 2 throwing nets
 l - 9 tomahawks (quivered)
 r - 6 javelins
Armour
 m - a +0 cloak (worn)
Jewellery
 h - an uncursed ring of stealth {unknown}
Scrolls
 f - a scroll of noise {unknown}
 g - a scroll of immolation {unknown}
 n - a scroll of teleportation {unknown}
 q - 2 scrolls of amnesia {unknown}
 s - 2 scrolls of fear {unknown}
 t - a scroll of enchant weapon {unknown}
Potions
 b - a potion of curing {unknown}
 e - a potion of magic {unknown}
 i - 2 potions of might {unknown}
 o - a potion of flight
 p - a potion of degeneration {unknown}
Books
 a - a book of Conjurations

   Spells                             Type                      Level
   a - Magic Dart                     Conjuration                  1
   b - Searing Ray                    Conjuration                  2
   c - Dazzling Spray                 Conjuration/Hexes            3
   d - Fulminant Prism                Conjuration/Hexes            4
   e - Iskenderun's Mystic Blast      Conjuration                  4
   f - Iskenderun's Battlesphere      Conjuration/Charms           5
Comestibles
 d - 2 chunks of flesh
 u - a slice of pizza
 v - a bread ration


   Skills:
 + Level 2.9 Fighting
 - Level 1.7 Dodging
 - Level 1.7 Stealth
 + Level 3.1 Spellcasting
 * Level 5.4 Conjurations


You had 2 spell levels left.
You knew the following spells:

 Your Spells              Type           Power        Failure   Level  Hunger
a - Magic Dart            Conj           ###.         1%          1    None
b - Dazzling Spray        Conj/Hex       ##....       21%         3    ###....
c - Iskenderun's Mystic   Conj           ###.....     21%         4    ####...


Dungeon Overview and Level Annotations

Branches:
Dungeon (4/15)
 Temple: D:4-7

Altars:
Cheibriados
Dithmenos
Elyvilon
Sif Muna
Yredelemnul


Innate Abilities, Weirdness & Mutations

Your plain brown scales are hard. (AC +5)
Your body does not fit into most forms of armour.
You are cold-blooded and may be slowed by cold attacks.


Message History

The giant frog hits you but does no damage.
The giant frog barely misses you. The giant frog hits you.
* * * LOW HITPOINT WARNING * * *
The giant frog misses you. The giant frog closely misses you.
The giant frog barely misses you. The giant frog misses you.
The giant frog hits you.
* * * LOW HITPOINT WARNING * * *
The giant frog closely misses you.
The giant frog hits you but does no damage.
The giant frog closely misses you.
The giant frog hits you but does no damage.
The giant frog misses you.
There is a stone staircase leading up here.
The giant frog hits you!
* * * LOW HITPOINT WARNING * * *
The giant frog hits you.
You die...

####################
#......w...........#
#.####.###.#######.# ### #.#
#.# #.# #.#
..###.####.###.#### #.#
...##.##.....#....####.#####
#.#.#.#...............#....#
....................##.###.#
#.#.#..........F@......###.#
...##.>#)....#Y####........#
#.###..###.##...#########..#
#.###..###.#..Y..# #..#
#................########..#
#####...................#..##
...####.##.##...#######.#...##
...####.##.##.### #.....<##
........##.##.# ##.......#


You could see an ice beast and a giant frog.

Vanquished Creatures
  2 orc priests (D:3)
  2 river rats (D:3)
  5 worms
  A dart slug (D:2)
  4 giant geckos
  8 orcs
  8 giant cockroaches
  10 goblins
  11 hobgoblins
  2 jackals (D:3)
  9 kobolds
  2 quokkas (D:3)
  2 ball pythons
  10 bats
  2 giant newts (D:1)
  7 rats
85 creatures vanquished.

Notes
Turn   | Place    | Note
-------+----------+-------------------------------------------
     0 | D:1      | torvon the Draconian Conjurer began the quest for the Orb.
     0 | D:1      | Reached XP level 1. HP: 14/14 MP: 3/3
   397 | D:1      | Reached XP level 2. HP: 22/22 MP: 1/5
   410 | D:1      | Reached skill level 1 in Fighting
   882 | D:1      | Reached XP level 3. HP: 28/28 MP: 0/6
  1438 | D:2      | Learned a level 3 spell: Dazzling Spray
  1973 | D:2      | Found a snail-covered altar of Cheibriados.
  1973 | D:2      | Found a white marble altar of Elyvilon.
  2284 | D:3      | Reached XP level 4. HP: 27/36 MP: 0/8
  2804 | D:3      | Found a deep blue altar of Sif Muna.
  2806 | D:3      | Reached skill level 5 in Conjurations
  2811 | D:3      | Found a shadowy altar of Dithmenos.
  2843 | D:3      | Became a worshipper of Sif Muna the Loreminder
  2899 | D:3      | Found a basalt altar of Yredelemnul.
  3290 | D:3      | Reached XP level 5. HP: 34/42 MP: 3/9
  3633 | D:3      | Learned a level 4 spell: Iskenderun's Mystic Blast
  3872 | D:4      | Noticed an ice beast
  3988 | D:2      | HP: 2/44 [giant frog (7)]
  3988 | D:2      | Slain by a giant frog

Vault maps used:
D:1:      minmay_arrival_up_and_down
D:2:      gammafunk_temple_overflow_elements
D:3:      minmay_overflow_temple_star_quad, portal_sewer_entry_c
D:4:      first_bread, minmay_ruptured

Skill      XL: |  1  2  3  4 |
---------------+-------------+-----
Fighting       | 1 2 |  2.9
Conjurations   | 5 |  5.4
Spellcasting   | 3 |  3.1
Dodging        | |  1.7
Stealth        | |  1.7

Action                   |  1- 3 |  4- 6 || total
-------------------------+-------+-------++-------
Melee: Club              |     4 |       ||     4
       Unarmed           |     3 |       ||     3
       Short sword       |    70 |    36 ||   106
       Tailslap          |     5 |     4 ||     9
       Mace              |       |     6 ||     6
 Cast: Magic Dart        |    88 |    93 ||   181
       Dazzling Spray    |     1 |     4 ||     5
       Iskenderun's Myst |       |     2 ||     2
  Use: Potion            |       |     1 ||     1
  Eat: Chunk             |     1 |     2 ||     3
       Bread ration      |     1 |       ||     1
       Meat ration       |       |     1 ||     1
Armor: Skin              |    39 |    57 ||    96
Dodge: Dodged            |    83 |    98 ||   181
